 Dungeon Crawl Stone Soup version 0.24-a0-282-g1a68c91 (webtiles) character file.

Game seed: 1747313284819710483

4 Ijustatesigmund the Skirmisher (level 1, 0/16 HPs)
             Began as an Octopode Fighter on May 3, 2019.
             Slain by a kobold
             ... wielding a +0 short sword
              (2 damage)
             ... on level 1 of the Dungeon.
             The game lasted 00:00:16 (165 turns).

Ijustatesigmund the Skirmisher (Octopode Fighter)    Turns: 165, Time: 00:00:16

Health: 0/16       AC:  1    Str: 15    XL:     1   Next: 70%
Magic:  1/1        EV: 11    Int: 10    God:
Gold:   45         SH:  8    Dex: 11    Spells: 0/0 levels left

rFire    . . .     SeeInvis .   a - +0 flail
rCold    . . .     Gourm    .   b - +0 shield
rNeg     . . .     Faith    .   (helmet restricted)
rPois    .         Spirit   .   (no amulet)
rElec    .         Reflect  .   (no ring)
rCorr    .         Harm     .   (no ring)
MR       .....                  (no ring)
Stlth    ++........             (no ring)
HPRegen  0.05/turn              (no ring)
MPRegen  0.07/turn              (no ring)
                                (no ring)
                                (no ring)

@: no status effects
A: almost no armour, stealthy swim, amphibious, 8 rings, constrict 8, camouflage
1, gelatinous body 1
a: no special abilities


You were on level 1 of the Dungeon.
You were not hungry.

You visited 1 branch of the dungeon, and saw 1 of its levels.

You collected 45 gold pieces.

Inventory:

Hand Weapons
 a - a +0 flail (weapon)
Armour
 b - a +0 shield (worn)
Scrolls
 e - a scroll of remove curse {unknown}
 f - a scroll of amnesia {unknown}
Potions
 c - a potion of might
Comestibles
 d - 3 rations


   Skills:
 + Level 3.1 Fighting
 * Level 2.3 Maces & Flails
 - Level 3.0 Dodging
 - Level 3.0 Shields


You couldn't memorise any spells.
You didn't know any spells.
Your spell library was empty.

Dungeon Overview and Level Annotations

Branches:
Dungeon (1/15)

Altars:


Innate Abilities, Weirdness & Mutations

You cannot wear most types of armour.
You are very stealthy in the water. (Stealth+)
You are amphibious.
You can wear up to eight rings at the same time.
You can use your tentacles to constrict eight enemies at once.
Your skin changes colour to match your surroundings (Stealth+).
Your rubbery body absorbs attacks. (AC +1, EV +1)


Message History

You are too injured to fight recklessly!
You are too injured to fight recklessly!
You are too injured to fight recklessly!
You are too injured to fight recklessly!
You are too injured to fight recklessly!
You are too injured to fight recklessly!
You are too injured to fight recklessly!
You are too injured to fight recklessly!
You are too injured to fight recklessly!
You are too injured to fight recklessly!
You are too injured to fight recklessly!
You are too injured to fight recklessly!
You are too injured to fight recklessly!
You are too injured to fight recklessly!
You closely miss the kobold. Your grab misses the kobold.
The kobold hits you with a +0 short sword.
* * * LOW HITPOINT WARNING * * *
You block the frilled lizard's attack.
The kobold hits you with a +0 short sword.
You die...

##.# ...# ####### ####
#.....###### #
#...#.##..>###..
#.#.#.#.........
#.#.........##.. .
#.###.#(....# ... ####
#.###.##(..###..... ...#
#†..(.#....@Kg.....
##.###.#........gl......
....#.#..###.......###.#
.......#.##........#
....#..............#
##.##..#.##........#
...##..............#
#####..##.#..#######
#..# .# .


You could see 2 goblins, a kobold and a frilled lizard.

Vanquished Creatures
  2 goblins (D:1)
  A hobgoblin (D:1)
  A rat (D:1)
4 creatures vanquished.

Notes
Turn   | Place    | Note
-------+----------+-------------------------------------------
     0 | D:1      | Ijustatesigmund the Octopode Fighter began the quest for
                  | the Orb.
     0 | D:1      | Reached XP level 1. HP: 16/16 MP: 1/1
   165 | D:1      | Slain by a kobold

Levels and vault maps discovered:
D:1:      sevenhm_arrival_forest_fort_large_4, layout_loops_cross

Action                   || total
-------------------------++-------
Melee: Flail             ||     9
       Tentacles         ||     2
       Constrict         ||     1
 Stab: Sleeping          ||     1
Armor: Skin              ||     1
Dodge: Dodged            ||     5
Block: Shield            ||     6

Table legend:
 A = Non-vault XP
 B = Vault XP
 C = Vault XP percentage of total XP
 D = Non-vault monster count
 E = Vault monster count
 F = Vault count percentage of total count
                 A         B        C        D         E       F
            +---------+---------+-------+---------+---------+-------
      Total |       7 |       0 |   0.0 |       4 |       0 |   0.0
            +---------+---------+-------+---------+---------+-------
        D:1 |       7 |       0 |   0.0 |       4 |       0 |   0.0
            +---------+---------+-------+---------+---------+-------
